 Dungeon Crawl Stone Soup version 0.27-a0-1590-g15f69828bf (webtiles) character file.

Game seed: 6912470019509815316

6385 Anon1729 the Blocker (level 11, -51/76 (89) HPs)
             Began as a Formicid Fighter on July 18, 2021.
             Killed from afar by an ancient lich (68 damage)
             ... with a crystal spear
             ... on level 3 of the Abyss.
             The game lasted 00:07:25 (9363 turns).

Anon1729 the Blocker (Formicid Fighter)             Turns: 9363, Time: 00:07:25

HP:   -51/76 (89)   AC: 17    Str: 24    XL:     11   Next: 17%
MP:   11/11         EV: 10    Int:  8    God:
Gold: 521           SH: 12    Dex: 10    Spells: 10/10 levels left

rFire    + . .     SeeInvis +   t - +3 hand axe (elec)
rCold    . . .     Faith    .   c - +0 kite shield
rNeg     . . .     Spirit   .   b - +0 scale mail
rPois    .         Reflect  .   (helmet unavailable)
rElec    .         Harm     .   (no cloak)
rCorr    .         Rampage  +   v - +0 pair of gloves
Will     +....                  L - +2 pair of boots {rampage}
Stlth    ..........             (no amulet)
HPRegen  0.22/turn              x - ring of protection from fire
MPRegen  0.12/turn              r - +4 ring of protection

@: mighty, heavily drained
A: permanent stasis, dig shafts and tunnels, antennae 3, four strong arms
a: Dig, Shaft Self


You were on level 3 of the Abyss.
You visited 2 branches of the dungeon, and saw 10 of its levels.
You visited the Abyss 1 time.

You collected 521 gold pieces.

Inventory:

Hand Weapons
 a - a +0 war axe
 d - a +1 vorpal broad axe
 t - a +3 hand axe of electrocution (weapon)
 u - a +0 mace
Missiles
 h - 15 atropa-tipped darts
 G - 4 curare-tipped darts
Armour
 b - a +0 scale mail (worn)
 c - a +0 kite shield (worn)
 v - a +0 pair of gloves (worn)
 D - +0 acid dragon scales
 L - a +2 pair of boots of rampaging (worn)
Jewellery
 r - a +4 ring of protection (right hand)
 x - a ring of protection from fire (left hand)
 y - a ring of resist corrosion
Wands
 A - a wand of flame (12)
 F - a wand of mindburst (14)
Scrolls
 e - 3 scrolls of identify
 f - 3 scrolls of fear
 g - 2 scrolls of amnesia
 i - 4 scrolls of enchant armour
 k - 3 scrolls of teleportation
 s - 2 scrolls of vulnerability
 z - 2 scrolls of magic mapping
Potions
 j - 4 potions of curing
 m - 2 potions of lignification {unknown}
 n - 2 potions of attraction {unknown}
 q - a potion of magic {unknown}
 w - a potion of flight {unknown}
 B - a potion of berserk rage {unknown}
 C - 2 potions of ambrosia {unknown}
 E - 2 potions of invisibility {unknown}
 H - a potion of brilliance {unknown}
 J - a potion of mutation {unknown}


   Skills:
 + Level 9.5 Fighting
 + Level 8.4 Axes
 + Level 9.6 Armour
 + Level 10.3 Shields


You had 10 spell levels left.
You didn't know any spells.
Your spell library contained the following spells:

 Spells                   Type           Power      Damage    Failure   Level
 Animate Skeleton         Necr           0%         N/A       67%         1
 Apportation              Tloc           0%         N/A       67%         1
 Beastly Appendage        Tmut           0%         N/A       67%         1
 Corona                   Hex            0%         N/A       67%         1
 Foxfire                  Conj/Fire      0%         2x1d4     67%         1
 Pain                     Necr           0%         1d4       67%         1
 Summon Small Mammal      Summ           0%         N/A       67%         1
 Corpse Rot               Necr/Air       N/A        N/A       80%         2
 Static Discharge         Conj/Air       0%         N/A       80%         2
 Conjure Flame            Conj/Fire      0%         6-21      95%         3
 Dazzling Flash           Conj/Hex       0%         N/A       95%         3
 Inner Flame              Hex/Fire       0%         N/A       95%         3
 Tukima's Dance           Hex            0%         N/A       95%         3
 Vampiric Draining        Necr           0%         2d6       95%         3
 Dispel Undead            Necr           0%         3d6       100%        4
 Passage of Golubria      Tloc           N/A        N/A       100%        4
 Summon Ice Beast         Ice/Summ       0%         N/A       100%        4
 Agony                    Necr           0%         N/A       100%        5
 Lightning Bolt           Conj/Air       0%         1d11      100%        5
 Silence                  Hex/Air        0%         N/A       100%        5
 Summon Forest            Summ/Tloc      0%         N/A       100%        5
 Yara's Violent Unravell  Hex/Tmut       0%         3d3       100%        5
 Death Channel            Necr           0%         N/A       100%        6
 Malign Gateway           Summ/Tloc      0%         N/A       100%        7
 Maxwell's Capacitive Co  Air            0%         ∞         100%        8
 Summon Horrible Things   Summ           0%         N/A       100%        8
 Dragon's Call            Summ           0%         N/A       100%        9


Dungeon Overview and Level Annotations

Branches:
Dungeon (9/15)             Temple (1/1) D:6
   Lair: D:8-11         Orc: D:9-12

Altars:
Ashenzari
Cheibriados
Elyvilon
Fedhas
Gozag
Hepliaklqana
Kikubaaqudgha
Makhleb
Nemelex Xobeh
Okawaru
Qazlal
Ru
Sif Muna
Trog
Uskayaw
Vehumet
Wu Jian
Xom
Yredelemnul
Zin
The Shining One
Beogh

Annotations:
D:4 3 runed translucent doors, Gwenloh's ghost, amateur HuFi
D:9 Erolcha


Innate Abilities, Weirdness & Mutations

You cannot be hasted, slowed, berserked, paralysed or teleported.
You can dig through walls and to a lower floor.
You have a pair of large antennae on your head. (SInv)
Your four strong arms can wield two-handed weapons with a shield.


Message History

The ancient lich casts a spell at you.
You barely resist. You closely miss the ancient lich.
The ancient lich is lightly damaged.
The ancient lich touches you!
You feel drained.
You hit the ancient lich.
The ancient lich is lightly damaged.
The ancient lich gestures at you while chanting.
The bolt of acid misses you.
You barely miss the ancient lich.
The ancient lich is lightly damaged.
The ancient lich casts a spell at you.
You barely resist. You slash the ancient lich!
The ancient lich is lightly damaged.
You block the ancient lich's attack. The ancient lich closely misses you.
You hit the ancient lich.
The ancient lich is lightly damaged.
The ancient lich touches you but does no damage.
You slash the ancient lich!
The ancient lich is moderately damaged.
The ancient lich touches you but does no damage.
You barely miss the ancient lich.
The ancient lich is moderately damaged.
The ancient lich touches you.
The ancient lich touches you but does no damage.
You hit the ancient lich but do no damage.
The ancient lich is moderately damaged.
The ancient lich touches you!
* * * LOW HITPOINT WARNING * * *
You feel drained.
* * * LOW HITPOINT WARNING * * *
You feel much better. The ancient lich touches you!
* * * LOW HITPOINT WARNING * * *
You feel drained.
* * * LOW HITPOINT WARNING * * *
The ancient lich gestures at you while chanting.
The crystal spear hits you!!!
Ouch! That really hurt!
You die...

# ...##
.. ..# .
..#.. .
.. ..∩.#
.#§#... #
≈ ... ..
# . ..
.#. ####
.. # .. .
###.#.
....
#....
#..@# ...
.#....
####L#
.########
#.#### ..
. ##


You could see an ancient lich (fast, invisible).

Vanquished Creatures
  Erica (D:8)
  A centaur warrior (D:9)
  A two-headed ogre (D:8)
  An orb spider (shapeshifter) (D:8)
  Joseph (D:7)
  Maggie (D:6)
  Sigmund (D:6)
  2 ynoxinuls (Abyss:2)
  A steam dragon (D:7)
  Duvessa (D:6)
  A water moccasin (D:7)
  A sky beast (D:7)
  An ice beast (D:7)
  A black bear (D:5)
  2 necrophages
  2 centaurs
  2 kobold brigands (D:7)
  2 phantoms
  5 bullfrogs
  Dowan (D:6)
  A wyvern zombie (D:7)
  3 scorpions
  A wyvern skeleton (D:7)
  3 killer bees (D:7)
  A wight (D:7)
  3 howler monkeys
  2 bullfrog zombies
  A centaur zombie (D:7)
  2 hounds
  2 jellies
  2 gnoll shamans (D:7)
  5 orc priests
  An iguana (D:6)
  5 orc wizards
  8 adders
  4 gnolls (D:7)
  2 river rats (D:4)
  A shadow imp (D:5)
  A white imp (D:8)
  An adder skeleton (D:4)
  2 worms (D:2)
  3 dart slugs
  21 orcs
  2 ball pythons
  9 bats
  5 endoplasms
  2 giant cockroaches (D:1)
  2 goblins
  5 hobgoblins
  3 jackals (D:2)
  2 quokkas (D:1)
  2 frilled lizards
  6 kobolds
  23 rats
165 creatures vanquished.

Notes
Turn   | Place    | Note
-------+----------+-------------------------------------------
     0 | D:1      | Anon1729 the Formicid Fighter began the quest for the Orb.
     0 | D:1      | Reached XP level 1. HP: 18/18 MP: 1/1
   119 | D:1      | Got Urunt's Catalogue of Icy Calling
   284 | D:1      | Reached XP level 2. HP: 17/24 MP: 2/2
   611 | D:1      | Found a faded altar of an unknown god.
   917 | D:1      | Reached skill level 4 in Shields
   917 | D:1      | Reached XP level 3. HP: 29/29 MP: 3/3
  1209 | D:2      | Reached XP level 4. HP: 27/37 MP: 4/4
  2191 | D:3      | Reached XP level 5. HP: 16/42 MP: 5/5
  2527 | D:3      | HP: 1/42 [orc priest/divine providence (13)]
  2533 | D:3      | Reached XP level 6. HP: 2/49 MP: 6/6
  3076 | D:4      | Reached skill level 5 in Shields
  3704 | D:4      | Found a runed translucent gate.
  3704 | D:4      | Noticed Gwenloh's ghost (amateur HuFi)
  3705 | D:4      | Found a runed translucent gate.
  3705 | D:4      | Identified the +7 chain mail of the Sun {Stlth+}
  3706 | D:4      | Found a runed translucent gate.
  3744 | D:5      | Entered Level 5 of the Dungeon
  3863 | D:5      | Noticed a necrophage
  3879 | D:5      | Killed a necrophage
  3880 | D:5      | Reached skill level 5 in Fighting
  3880 | D:5      | Reached skill level 5 in Armour
  3880 | D:5      | Reached XP level 7. HP: 56/56 MP: 7/7
  4497 | D:5      | Found a burning altar of Makhleb.
  4497 | D:5      | Noticed a balrug
  4594 | D:5      | Found a shimmering blue altar of Sif Muna.
  4601 | D:5      | Got Sif Muna's Guide on the Blaze
  4603 | D:5      | Got Sif Muna's Compendium of Transmutation
  4633 | D:5      | Reached skill level 6 in Shields
  4633 | D:5      | Reached XP level 8. HP: 59/63 MP: 8/8
  5282 | D:6      | Found a staircase to the Ecumenical Temple.
  5288 | Temple   | Entered the Ecumenical Temple
  5707 | D:5      | Noticed a hellwing
  5707 | D:5      | Noticed a hellwing
  5766 | D:6      | Noticed Sigmund
  5779 | D:6      | Killed Sigmund
  5788 | D:6      | Reached skill level 5 in Axes
  5926 | D:6      | Noticed Duvessa
  5928 | D:6      | Noticed Dowan
  5933 | D:6      | Reached skill level 7 in Shields
  5935 | D:6      | Noticed Maggie
  5945 | D:6      | Killed Duvessa
  5946 | D:6      | Reached XP level 9. HP: 51/71 MP: 9/9
  5953 | D:6      | Killed Maggie
  5955 | D:6      | Killed Dowan
  6833 | D:7      | Reached skill level 8 in Shields
  7021 | D:7      | Noticed Joseph
  7036 | D:7      | HP: 3/72 [Joseph (5)]
  7037 | D:7      | Killed Joseph
  7400 | D:7      | Reached XP level 10. HP: 80/80 MP: 10/10
  7466 | D:7      | Reached skill level 9 in Shields
  7657 | D:7      | You fall into a shaft and drop 1 floor!
  7888 | D:8      | Noticed a fire crab
  7890 | D:8      | Noticed an orb spider
  7890 | D:8      | a fire crab changed into an orb spider
  7901 | D:8      | Killed an orb spider
  8047 | D:8      | Noticed Erica
  8062 | D:8      | Killed Erica
  8237 | D:8      | Noticed a two-headed ogre
  8458 | D:8      | Killed a two-headed ogre
  8852 | D:8      | Reached skill level 10 in Shields
  9054 | D:9      | Noticed a centaur warrior
  9068 | D:9      | Killed a centaur warrior
  9069 | D:9      | Reached XP level 11. HP: 68/89 MP: 11/11
  9179 | D:9      | Found an ornate altar of the Wu Jian Council.
  9218 | D:9      | Noticed Erolcha
  9228 | D:9      | Cast into level 2 of the Abyss (Erolcha)
  9333 | Abyss:3  | Noticed an ancient lich
  9363 | Abyss:3  | Killed from afar by an ancient lich

Illustrated notes

Levels and vault maps discovered:
D:1:      lightli_arrival_maybe_door_vault, layout_loops_ring,
          shapermc_ecumenical_altar_hornbeckon, minmay_pentomino_u2
D:2:      layout_basic
D:3:      layout_rooms, minmay_circle_x
D:4:      wad_pebble_path, layout_basic, biasface_ghost_orc_armoury,
          dk_rats_in_the_wall
D:5:      layout_loops_ring, nicolae_sif_muna_little_library,
          makhleb_altar_promises_db, serial_co_window_serial,
          co_window_corner_a, co_window_paths_a, co_window_paths_a,
          co_window_corner_a, co_window_paths_a, co_window_paths_a,
          co_window_paths_a, co_window_corner_ca, co_window_corner_b,
          co_window_corner_cb, co_window_of_opportunity_c, co_window_4corner_a,
          glass_columns_c, glass_columns_a, glass_columns_a, glass_columns_b,
          glass_columns_c, st_stairs_6, minivault_24
D:6:      layout_basic, minmay_temple_entry_drinking_statues, minivault_1,
          uniq_duvessa, uniq_sigmund, uniq_maggie
D:7:      wad_guarded_room, layout_rooms,
          nicolae_dithmenos_through_a_glass_darkly, kennysheep_nondescript,
          chequers_arboretum, minmay_checkerbox, uniq_joseph
D:8:      layout_basic, uniq_erica
D:9:      layout_loops_corners, mainiacjoe_overflow_boulevard, erik_lair_island,
          erik_orc_1, uniq_erolcha
Temple:   dpeg_five_rooms_temple
Abyss:3:  base:
D:5

Skill      XL: |  1  2  3  4  5  6  7  8  9 10 |
---------------+-------------------------------+-----
Shields        | 4 5 6 7 8 10 | 10.3
Armour         | 4 5 6 7 9 |  9.6
Fighting       | 4 5 6 7 9 |  9.5
Axes           | 3 4 5 6 8 |  8.4

Action                   |  1- 3 |  4- 6 |  7- 9 | 10-12 || total
-------------------------+-------+-------+-------+-------++-------
Melee: War axe           |    96 |    75 |       |       ||   171
       Hand axe          |       |    78 |   196 |   157 ||   431
 Abil: Dig               |       |     1 |     2 |       ||     3
       Shaft Self        |       |       |       |     1 ||     1
  Use: Potion            |       |       |     1 |     3 ||     4
       Scroll            |       |       |       |     9 ||     9
Armor: Scale mail        |    43 |    47 |    78 |    67 ||   235
Dodge: Dodged            |    41 |    52 |    45 |    62 ||   200
Block: Kite shield       |    61 |    74 |   106 |    88 ||   329

Table legend: (Time is in decaauts)
 A = Elapsed time spent in this place.
 B = Non-inter-level travel time spent in this place.
 C = Inter-level travel time spent in this place.
 D = Time resting spent in this place.
 E = Time spent auto-exploring this place.
 F = Levels seen in this place.
 G = Mean time per level.
                   A        B        C        D        E       F      G
               +--------+--------+--------+--------+--------+-----+--------+
         Total |   9488 |   9036 |    452 |    596 |   7099 |  12 |  790.7 |
       Dungeon |   9084 |   8682 |    402 |    582 |   6861 |   9 | 1009.3 |
        Temple |    273 |    223 |     50 |      0 |    206 |   1 |  273.0 |
         Abyss |    131 |    131 |      0 |     14 |     32 |   2 |   65.5 |
               +--------+--------+--------+--------+--------+-----+--------+

Top non-repeatable levels by time:
     D:5: 1600 daAuts
     D:7: 1239 daAuts
     D:8: 1220 daAuts
     D:3: 1127 daAuts
     D:1: 1017 daAuts
     D:6: 996 daAuts
     D:2: 934 daAuts
     D:4: 772 daAuts
  Temple: 273 daAuts
     D:9: 174 daAuts
 Abyss:2: 80 daAuts
 Abyss:3: 50 daAuts
